 Dungeon Crawl Stone Soup version 0.23.2-1-ga50397a6bc (webtiles) character file.

Game seed: 13361939842964246665

29 Mrkan the Cudgeler (level 3, -2/36 HPs)
             Began as a Troll Monk on May 18, 2019.
             Slain by Sigmund
             ... wielding a +0 scythe
              (8 damage)
             ... on level 2 of the Dungeon.
             The game lasted 00:01:54 (830 turns).

Mrkan the Cudgeler (Troll Monk)                      Turns: 830, Time: 00:01:54

Health: -2/36      AC:  6    Str: 20    XL:     3   Next: 1%
Magic:  2/2        EV: 10    Int:  6    God:
Gold:   16         SH:  0    Dex: 12    Spells: 2/2 levels left

rFire    . . .     SeeInvis .   a - +0 mace
rCold    . . .     Gourm    +   (no shield)
rNeg     . . .     Faith    .   b - +0 robe
rPois    .         Spirit   .   (helmet restricted)
rElec    .         Reflect  .   (no cloak)
rCorr    .         Harm     .   (gloves unavailable)
MR       .....                  (boots unavailable)
Stlth    ++........             (no amulet)
HPRegen  0.52/turn              (no ring)
MPRegen  0.08/turn              (no ring)

@: no status effects
A: large, unfitting armour, claws 3, fast metabolism 3, gourmand, regeneration
1, shaggy fur 1, tough skin 3
a: no special abilities


You were on level 2 of the Dungeon.
You were near starving.

You visited 1 branch of the dungeon, and saw 2 of its levels.

You collected 16 gold pieces.

Inventory:

Hand Weapons
 a - a +0 mace (weapon)
Armour
 b - a +0 robe (worn)
Scrolls
 d - 2 scrolls of identify {unknown}
 e - a scroll of blinking {unknown}
Comestibles
 c - 4 rations


   Skills:
 + Level 2.7 Fighting
 * Level 3.5 Maces & Flails
 - Level 2.4 Dodging
 - Level 1.0 Stealth


You had 2 spell levels left.
You didn't know any spells.
Your spell library was empty.

Dungeon Overview and Level Annotations

Branches:
Dungeon (2/15)

Altars:
Nemelex Xobeh

Annotations:
D:2 Sigmund, Terence


Innate Abilities, Weirdness & Mutations

You are too large for most types of armour.
You have claws for hands.
Your metabolism is lightning-fast.
You like to eat raw meat.
Your natural rate of healing is unusually fast.
You are covered in fur. (AC +1)
You have extremely tough skin. (AC +3)


Message History

You hear some strange, mumbled words.
A magic dart appears from out of thin air!
The magic dart hits you. The bat closely misses you. Something hits you!
* * * LOW HITPOINT WARNING * * *
The bat barely misses you. The goblin closely misses you.
You bump into the rock wall.
The bat barely misses you. The goblin misses you.
The bat hits you but does no damage. Something hits you but does no damage.
Terence hits you but does no damage. The goblin hits you but does no damage.
You feel less confused.
You hear some strange, mumbled words.
A puff of flame appears from out of thin air!
The puff of flame hits you.
* * * LOW HITPOINT WARNING * * *
The bat hits you but does no damage.
The kobold throws a stone.
The stone barely misses you. The goblin hits you but does no damage.
You see here a goblin corpse.
You hit the bat but do no damage. The bat hits you but does no damage.
Terence hits you but does no damage. Something hits you!
You die...

##.# ....# #. ....#
#. #. .....#
##.####.# ......
......?#.####.....#
...........b.......#
...........@g{K....#
#............@......#
#...................#
#).......(.....^....#
#.......(...........#
#...............###.#
#........###+#### #
#........# ######'##
#......#


You could see Terence, a goblin, a bat and a kobold.

Vanquished Creatures
  2 dart slugs (D:1)
  A leopard gecko (D:1)
  A ball python (D:1)
  2 giant cockroaches
  4 goblins
  3 hobgoblins (D:1)
  3 kobolds (D:1)
  3 bats (D:1)
  2 frilled lizards (D:1)
21 creatures vanquished.

Notes
Turn   | Place    | Note
-------+----------+-------------------------------------------
     0 | D:1      | Mrkan the Troll Monk began the quest for the Orb.
     0 | D:1      | Reached XP level 1. HP: 22/22 MP: 0/0
   119 | D:1      | Reached skill level 3 in Maces & Flails
   124 | D:1      | Reached XP level 2. HP: 27/29 MP: 1/1
   269 | D:1      | Found a sparkling altar of Nemelex Xobeh.
   819 | D:2      | Noticed Sigmund
   822 | D:2      | Noticed Terence
   825 | D:2      | Reached XP level 3. HP: 26/36 MP: 2/2
   830 | D:2      | Slain by Sigmund

Skill      XL: |  1 |
---------------+----+-----
Maces & Flails | 3 |  3.5
Fighting       | |  2.7
Dodging        | |  2.4
Stealth        | |  1.0

Action                   || total
-------------------------++-------
Melee: Mace              ||    94
 Stab: Sleeping          ||     3
  Eat: Chunk             ||     3
Armor: Robe              ||    86
Dodge: Dodged            ||    95
